Map: [ESL] Altitude

Players

IGXY (XY)

  • Race: Terran Terran
  • Spawn Location: 1:00

Nice - Winner!

  • Race: Protoss Protoss
  • Spawn Location: 7:00

Event: ESL SC2 Masters 2023 Summer (Regionals)

VOD

Have the link to the VOD?

Description

Time

  • Played on: May 7, 2023, 8:25 a.m.
  • Length: 7:43

All games in this series

Show
View Real Time Build Order
Export as new Build Order

IGXY Terran 

Build Orders:  

Get SALT Encoding   

  12  0:00  SCV  
  13  0:12  SCV  
  14  0:17  Supply Depot  
  14  0:24  SCV  
  15  0:38  SCV  
  15  0:39  Barracks  
  16  0:44  Refinery  
  16  0:50  SCV  
  16  0:56  Refinery  
  17  1:02  SCV  
  18  1:14  SCV  
  19  1:26  Reaper  
  19  1:27  Orbital Command  
  19  1:28  Supply Depot  
  20  1:42  Factory  
  20  1:53  SCV  
  21  1:59  Barracks Reactor  
  21  2:05  SCV  
  22  2:17  SCV  
  22  2:21  Command Center  
  23  2:26  Hellion  
  23  2:29  SCV  
  26  2:34  Supply Depot  
  26  2:38  Reaper  
  26  2:40  Reaper  
  26  2:43  SCV  
  29  2:49  Hellion  
  31  2:55  SCV  
  32  3:00  Starport  
  32  3:08  SCV  
  32  3:10  Marine  
  32  3:11  Factory Tech Lab  
  32  3:12  Marine  
  35  3:21  Barracks  
  35  3:28  Marine  
  35  3:30  Marine  
  37  3:36  Siege Tank  
  37  3:40  Viking  
  42  3:46  Marine  
  43  3:54  SCV  
  42  4:00  Marine  
  39  4:06  SCV  
  39  4:11  Viking  
  35  4:18  SCV  
  35  4:23  Orbital Command  
  39  4:24  Siege Tank  
  39  4:27  Marine  
  39  4:28  Marine  
  41  4:33  Marine  
  42  4:41  Viking  
  42  4:44  Marine  
  45  4:54  Marine  
  45  4:55  Marine  
  45  4:59  Siege Tank  
  50  5:03  SCV x2  
  51  5:11  Marine  
  51  5:12  Marine  
  50  5:15  SCV x2  
  50  5:22  Engineering Bay  
  50  5:25  Marine  
  51  5:31  Siege Tank  
  54  5:40  Supply Depot  
  54  6:01  Marine  
  54  6:02  SCV x2, Viking, Marine  
  60  6:07  Missile Turret  
  60  6:09  Marine  
  61  6:19  Marine  
  61  6:22  Marine  
  62  6:32  Bunker  
  62  6:37  Bunker  
  62  6:42  Bunker  
  60  6:51  Marine x2  
  30  7:09  Marine x2  
  30  7:11  SCV x2  
  30  7:21  Factory Reactor  
  32  7:23  SCV  
  32  7:24  SCV  
Show
View Real Time Build Order
Export as new Build Order

Nice Protoss - Winner!

Build Orders: 1 Gate Expand, Oracle Opening, Phoenix Opening 

Get SALT Encoding   

  12  0:00  Probe  
  13  0:12  Probe  
  14  0:17  Pylon  
  14  0:24  Probe (Chrono Boost)  
  16  0:37  Probe (Chrono Boost), Gateway  
  16  0:43  Probe (Chrono Boost)  
  16  0:46  Assimilator  
  17  0:51  Probe  
  18  1:03  Probe  
  19  1:15  Probe  
  20  1:24  Cybernetics Core  
  20  1:33  Nexus  
  20  1:39  Pylon  
  20  1:46  Assimilator  
  20  1:47  Probe  
  21  1:57  Adept (Chrono Boost)  
  21  1:59  Probe  
  24  2:04  Shield Battery  
  24  2:12  Probe  
  25  2:19  Stargate  
  25  2:21  Adept (Chrono Boost)  
  25  2:27  Probe  
  28  2:31  Warp Gate  
  28  2:39  Probe  
  29  2:44  Adept  
  29  2:46  Probe  
  32  2:51  Probe  
  33  2:59  Probe  
  33  3:02  Oracle (Chrono Boost)  
  33  3:03  Shield Battery  
  37  3:09  Probe  
  37  3:12  Probe  
  39  3:20  Pylon  
  39  3:21  Probe  
  39  3:24  Probe  
  41  3:29  Phoenix (Chrono Boost)  
  43  3:34  Probe  
  43  3:36  Probe  
  45  3:44  Pylon  
  45  3:46  Probe  
  45  3:51  Phoenix (Chrono Boost)  
  46  4:04  Probe  
  43  4:10  Phoenix (Chrono Boost)  
  43  4:13  Probe  
  43  4:18  Probe  
  44  4:24  Gateway  
  44  4:25  Probe  
  44  4:26  Gateway  
  44  4:28  Twilight Council  
  44  4:29  Adept  
  44  4:31  Probe  
  48  4:38  Probe  
  49  4:40  Assimilator  
  49  4:43  Probe  
  50  4:47  Phoenix (Chrono Boost)  
  50  4:50  Probe  
  50  4:52  Assimilator  
  53  4:54  Pylon  
  53  4:55  Probe  
  54  5:02  Probe  
  53  5:11  Charge (Chrono Boost)  
  46  5:19  Zealot x2  
  48  5:21  Zealot  
  48  5:23  Gateway  
  48  5:25  Gateway  
  48  5:28  Phoenix  
  52  5:39  Stalker  
  52  5:40  Zealot, Shield Battery  
  56  5:43  Stalker  
  56  5:47  Probe  
  59  6:05  Zealot x2  
  59  6:06  Zealot  
  59  6:08  Phoenix  
  67  6:19  Pylon  
  67  6:20  Pylon  
  67  6:21  Pylon  
  67  6:24  Zealot x2  
  69  6:30  Pylon  
  69  6:38  Phoenix, Zealot x2  
  59  6:55  Zealot x3  
  59  7:00  Zealot x2  
  63  7:05  Phoenix  
  59  7:08  Probe (Chrono Boost)  
  59  7:12  Probe (Chrono Boost)  
  59  7:15  Pylon  
  59  7:19  Probe (Chrono Boost), Templar Archives  
  61  7:23  Probe (Chrono Boost)  
  61  7:25  Probe (Chrono Boost)  
  62  7:33  Probe (Chrono Boost), Pylon  
Tags
 
Add a new tag
Caveats
  • Supply blocks, unpowered buildings, or Contaminate may cause inaccurate times.
  • Supply counts are checked every 10 seconds.